 Seeded DCSS version 0.30.1-1-g62c8e00024 (webtiles) character file.

Game seed: 6351066067085065685 (custom seed)

755 Esekla the Grave Robber (level 7, -3/36 HPs)
             Began as a Deep Elf Necromancer on July 14, 2023.
             Was a Believer of Vehumet.
             Slain by an ogre
             ... wielding a +0 giant club
              (21 damage)
             ... on level 5 of the Dungeon.
             The game lasted 00:22:14 (3971 turns).

Esekla the Grave Robber (Deep Elf Necromancer)      Turns: 3971, Time: 00:22:15

Health: -3/36      AC:  4    Str:  5    XL:     7   Next: 49%
Magic:  18/18      EV: 14    Int: 22    God:    Vehumet [**....]
Gold:   276        SH:  0    Dex: 18    Spells: 11/18 levels left

rFire   . . .        a - +5 rapier of the Hero {heavy, rN+ Dex+3}
rCold   . . .        (no shield)
rNeg    + . .        o - +0 robe
rPois   .            j - +0 helmet
rElec   .            (no cloak)
rCorr   .            l - +0 pair of gloves
SInv    .            (no boots)
Will    .....        B - amulet of magic regeneration
Stlth   +++          (no ring)
HPRegen 0.26/turn    (no ring)
MPRegen 0.56/turn

%: no passive effects
@: no status effects
A: no striking features
a: Renounce Religion


You were on level 5 of the Dungeon.
You worshipped Vehumet.
Vehumet was pleased with you.
You visited 1 branch of the dungeon, and saw 5 of its levels.

You collected 276 gold pieces.

Inventory:

Hand Weapons
 a - the +5 rapier of the Hero (weapon) {heavy, rN+ Dex+3}
   (You found it on level 3 of the Dungeon)

   Dex:       It affects your dexterity (+3).
   rN:        It protects you from negative energy.
 r - a +0 trident
Missiles
 s - 7 poisoned darts (quivered)
 y - a throwing net
Armour
 j - a +0 helmet (worn)
 l - a +0 pair of gloves (worn)
 o - a +0 robe (worn)
Jewellery
 B - an amulet of magic regeneration (around neck)
Wands
 c - a wand of roots (16)
 D - a wand of flame (15)
Scrolls
 e - 3 scrolls of fear {unknown}
 f - 5 scrolls of identify {unknown}
 n - a scroll of immolation {unknown}
 p - a scroll of blinking {unknown}
 q - 2 scrolls of fog {unknown}
 u - 2 scrolls of amnesia {unknown}
 v - a scroll of enchant armour {unknown}
 w - 3 scrolls of enchant weapon {unknown}
 x - a scroll of silence {unknown}
 z - a scroll of summoning {unknown}
 A - a scroll of magic mapping {unknown}
Potions
 b - a potion of magic
 d - a potion of ambrosia {unknown}
 g - a potion of heal wounds {unknown}
 h - a potion of haste {unknown}
 i - a potion of mutation {unknown}
 k - 4 potions of curing {unknown}
 m - 2 potions of attraction {unknown}
 t - 3 potions of brilliance {unknown}
 C - a potion of lignification {unknown}


   Skills:
 + Level 2.7 Short Blades
 + Level 0.3 Throwing
 * Level 4.7 Dodging
 + Level 4.3 Stealth
 * Level 6.1 Spellcasting
 * Level 6.8 Necromancy
 * Level 2.6 Translocations


You had 11 spell levels left.
You knew the following spells:

 Your Spells              Type           Power      Damage    Failure   Level
a - Necrotise             Necr           100%       1d9       1%          1
d - Vampiric Draining     Necr           36%        2d8       1%          3
t - Teleport Other        Tloc           18%        N/A       9%          3

Your spell library contained the following spells:

 Spells                   Type           Power      Damage    Failure   Level
 Sandblast                Erth           12%        2d6       9%          1
 Lesser Beckoning         Tloc           36%        N/A       4%          2
 Animate Dead             Necr           36%        N/A       5%          4
 Gell's Gravitas          Tloc           18%        N/A       9%          3
 Agony                    Necr           36%        N/A       16%         5
 Spider Form              Tmut/Pois      6%         N/A       26%         3
 Cause Fear               Hex            3%         N/A       65%         4
 Summon Mana Viper        Hex/Summ       6%         N/A       94%         5


Dungeon Overview and Level Annotations

Branches:
Dungeon (5/15)
 Temple: D:4-7

Altars:
Dithmenos
Hepliaklqana
Okawaru
Qazlal
Trog
Vehumet
Zin
The Shining One

Shops:
D:2 =   D:4 (


Message History

The ogre is poisoned.
Throw: 8 darts (poison)
Press: ? - help, Q - select action, (/) - cycle Shift-Dir - straight line, f/p - ogre
Aim: an ogre, wielding a +0 giant club (poisoned, 75% to hit)
You throw a poisoned dart.
The poisoned dart barely misses the hound.
The poisoned dart hits the ogre.
The ogre looks even sicker.
You closely miss the hound. The hound bites you but does no damage.
The hound misses you.
You puncture the hound!
The hound is heavily wounded.
The hound barely misses you. The hound misses you. The hound barely misses you.
You closely miss the hound.
The hound is heavily wounded.
The hound bites you. x2
Casting: Vampiric Draining (safe; 1% risk of failure)
Confirm with . or Enter, or press ? or * to list all spells.
Aiming: Vampiric Draining (safe; 1% risk of failure)
Press: ? - help, Shift-Dir - straight line, f - hound, p - ogre
Aim: a hound (heavily wounded)
You draw life force from the hound!
You kill the hound!
Vehumet accepts your kill.
You feel life coursing into your body.
You barely miss the ogre.
The ogre is moderately wounded.
The ogre barely misses you.
You barely miss the ogre.
The ogre is moderately wounded.
The ogre closely misses you.
You hit the ogre.
The ogre is heavily wounded.
The ogre barely misses you.
You puncture the ogre!
The ogre is almost dead.
The ogre hits you with a +0 giant club!!
Ouch! That really hurt!
The ogre hits you with a +0 giant club!!
Ouch! That really hurt!
You die...

####.#### # .#.##
.#......#.# ....#
.#..###.#.# #...#
....# #...######...#
....###.........(..#
.#..>...#.######.#.#
.......## # #.#.#
.#.###†# # #O#.#
...# #.# .# #@#.#
.#.###.##.# #...#
..#...)...######...#
.###...............#
## ##..#####.####.##
. ##.#†# #.# #.#
#.#.##.#####.####.#
##........^......>#
.........###.######


You could see an ogre (poisoned).

Vanquished Creatures
  A black bear (D:2)
  2 scorpions (D:5)
  A gnoll bouda (D:3)
  4 hounds
  A sleepcap (D:5)
  4 iguanas
  12 gnolls
  8 adders
  A white imp (D:5)
  A worm (D:4)
  3 dart slugs
  9 orcs
  6 ball pythons
  4 bats
  4 endoplasms
  7 goblins
  5 hobgoblins
  A quokka (D:1)
  4 frilled lizards
  5 kobolds
  A rat (D:2)
84 creatures vanquished.

Notes
Turn   | Place    | Note
-------+----------+-------------------------------------------
     0 | D:1      | Esekla the Deep Elf Necromancer began the quest for the
                  | Orb.
     0 | D:1      | Reached XP level 1. HP: 10/10 MP: 6/6
   212 | D:1      | Reached skill level 5 in Necromancy
   217 | D:1      | Reached XP level 2. HP: 5/15 MP: 8/8
   433 | D:4      | Found an iron altar of Okawaru.
   444 | D:4      | Found a glowing silver altar of Zin.
   513 | D:4      | Found a radiant altar of Vehumet.
   517 | D:4      | Became a worshipper of Vehumet
   724 | D:3      | Identified the +5 rapier of the Hero {heavy, rN+ Dex+3}
   750 | D:2      | Found Renulab's Jewellery Shop.
   982 | D:2      | Noticed a black bear
  1042 | D:1      | Reached XP level 3. HP: 11/19 MP: 10/10
  1046 | D:1      | Learned a level 3 spell: Vampiric Draining
  1235 | D:2      | Reached skill level 1 in Short Blades
  1275 | D:2      | Found a faded altar of an unknown god.
  1304 | D:2      | Reached XP level 4. HP: 24/24 MP: 7/11
  1410 | D:2      | Killed a black bear
  1411 | D:2      | Reached XP level 5. HP: 28/28 MP: 4/13
  1495 | D:2      | Reached * piety under Vehumet
  1495 | D:2      | Offered knowledge of Foxfire by Vehumet.
  1649 | D:2      | Learned a level 3 spell: Teleport Other
  2150 | D:3      | Found a stormy altar of Qazlal.
  2152 | D:3      | Found a bloodstained altar of Trog.
  2154 | D:3      | Found a hazy altar of Hepliaklqana.
  2347 | D:4      | Found Ponaysk's Antique Weapon Boutique.
  2488 | D:4      | Found a glowing golden altar of the Shining One.
  2499 | D:4      | Reached XP level 6. HP: 32/32 MP: 10/14
  2690 | D:3      | Reached skill level 1 in Translocations
  3182 | D:5      | Entered Level 5 of the Dungeon
  3190 | D:5      | Got the Parchment of the Lumpy Olives
  3207 | D:5      | Reached skill level 5 in Spellcasting
  3290 | D:4      | Reached ** piety under Vehumet
  3290 | D:4      | Offered knowledge of Sandblast by Vehumet.
  3321 | D:5      | Reached XP level 7. HP: 34/36 MP: 11/17
  3457 | D:5      | Found a shadowy altar of Dithmenos.
  3971 | D:5      | Slain by an ogre

Illustrated notes

Levels and vault maps discovered:
D:1:      sevenhm_arrival_forest_fort_small_3, layout_rooms,
          chequers_serial_rivers_room_b, minmay_misc_feat_five
D:2:      layout_loops_ring, dreamdust_ecumenical_altar_angels_and_demons,
          serial_shops, shop
D:3:      layout_basic, grunt_temple_overflow_open, minmay_misc_feat_iff
D:4:      layout_basic, nicolae_overflow_quartered_altars, serial_shops,
          nicolae_diamond_shop
D:5:      layout_loops_ring, lemuel_doored_altar, minmay_misc_feat_rows,
          dreamdust_wishing_well

Skill      XL: |  1  2  3  4  5  6  7 |
---------------+----------------------+-----
Necromancy     | 5 6 |  6.8
Dodging        | 3 4 |  4.7
Short Blades   | 1 2 |  2.7
Stealth        | 3 4 |  4.3
Spellcasting   | 4 5 6 |  6.1
Translocations | 2 |  2.6
Throwing       | |  0.3

Action                     |  1- 3 |  4- 6 |  7- 9 || total
---------------------------+-------+-------+-------++-------
  Melee: Short sword       |    53 |       |       ||    53
         Unarmed           |     9 |       |       ||     9
         Rapier            |    29 |    59 |    32 ||   120
         Punch             |     1 |     1 |       ||     2
  Throw: Dart              |       |     8 |     5 ||    13
   Cast: Vampiric Draining |     2 |    23 |     9 ||    34
         Necrotise         |       |     1 |       ||     1
         Teleport Other    |       |     1 |       ||     1
   Stab: Sleeping          |     6 |     3 |     1 ||    10
         Distracted        |       |     2 |       ||     2
 Armour: Robe              |    19 |    13 |    11 ||    43
  Dodge: Dodged            |    71 |    62 |    33 ||   166
